 Dungeon Crawl Stone Soup version bcrawl-1.28.1b (webtiles) character file.

Game seed: 16811816336272633149

87764 Morbidden the Conjurer (level 2, 0/20 HPs)
             Began as a Djinni Conjurer on Dec 19, 2020.
             Slain by a worm (8 damage)
             ... on level 2 of the Dungeon.
             The game lasted 00:00:59 (1094 turns).

Morbidden the Conjurer (Djinni Conjurer)            Turns: 1094, Time: 00:01:00

Health: 0/20       AC:  2    Str: 10    XL:     2   Next: 62%
Magic:  1/6        EV: 12    Int: 17    God:
Gold:   89         SH:  0    Dex: 11    Spells: 4/7 levels left

rFire    . . .     SeeInvis .     - Fists (3.0)
rCold    . . .     Gourm    .   (no shield)
rNeg     . . .     Faith    .   a - +0 robe
rPois    .         Spirit   .   (no helmet)
rElec    .         Reflect  .   (no cloak)
rCorr    .         Harm     .   (no gloves)
MR       .....     Rnd*Rage +   (boots unavailable)
Stlth    ++........             (no amulet)
HPRegen  0.06/turn              (no ring)
MPRegen  0.10/turn              (no ring)

@: flying, very slightly contaminated
A: never pass out, berserk 2, blurry vision 2, wild magic 1, MP-powered wands,
floating
a: no special abilities


You were on level 2 of the Dungeon.
You were not hungry.

You visited 1 branch of the dungeon, and saw 2 of its levels.

You collected 89 gold pieces.

Inventory:

Armour
 a - a +0 robe (worn)
Scrolls
 f - a scroll of fear {unknown}
 g - a scroll of identify
Potions
 b - a potion of flight {unknown}
 c - 2 potions of magic
 h - a potion of curing {unknown}
Comestibles
 d - 6 chunks of flesh
 e - 3 rations {!d}


   Skills:
 * Level 0.1 Fighting
 + Level 2.0 Dodging
 + Level 1.5 Stealth
 * Level 3.2 Spellcasting
 * Level 5.1 Conjurations


You had 4 spell levels left.
You knew the following spells:

 Your Spells              Type           Power        Failure   Level  Hunger
a - Magic Dart            Conj           ####         3%          1    None
b - Searing Ray           Conj           ####....     5%          2    #......

Your spell library contained the following spells:

 Spells                   Type           Power        Failure   Level  Hunger
 Iskenderun's Mystic Bla  Conj           ####....     10%         3    ####...
 Fulminant Prism          Conj/Hex       ###.......   61%         4    #####..
 Irradiate                Conj/Tmut      ###.......   90%         5    ######.


Dungeon Overview and Level Annotations

Branches:
Dungeon (2/12)

Altars:


Innate Abilities, Weirdness & Mutations

You never pass out after going berserk.
You often lose your temper in combat.
Scrolls take you longer to read.
Your spells are a little harder to cast, but a little more powerful.
You expend magic power (3 MP) to strengthen your wands.
Your body floats in the air.


Message History

You are very lightly contaminated with residual magic.
Nothing appears to happen.
The worm bites you!
Ouch! That really hurt!
There are monsters nearby!
Casting: Magic Dart (safe; 3% risk of failure)
Confirm with . or Enter, or press ? or * to list all spells.
Aiming: Magic Dart (safe; 3% risk of failure)
Press: ? - help, Shift-Dir - straight line, f/p - worm
Aim: a worm (heavily wounded)
The magic dart hits the worm but does no damage.
The worm is heavily wounded.
Casting: Magic Dart (safe; 3% risk of failure)
Confirm with . or Enter, or press ? or * to list all spells.
Aiming: Magic Dart (safe; 3% risk of failure)
Press: ? - help, Shift-Dir - straight line, f/p - worm
Aim: a worm (heavily wounded)
The magic dart hits the worm but does no damage.
The worm is heavily wounded.
The worm bites you!
You die...

#.### #.# #.#
#.# #.# #.# #.#
#.# #@#
.....rw.w......
#######.#######
#.# #.# #.# ..#
###


You could see 2 worms and a rat.

Vanquished Creatures
  3 dart slugs (D:1)
  2 bats (D:1)
  2 giant cockroaches (D:1)
  A hobgoblin (D:2)
  4 frilled lizards
  3 goblins (D:1)
15 creatures vanquished.

Notes
Turn   | Place    | Note
-------+----------+-------------------------------------------
     0 | D:1      | Morbidden the Djinni Conjurer began the quest for the Orb.
     0 | D:1      | Reached XP level 1. HP: 14/14 MP: 4/4
   634 | D:1      | Reached XP level 2. HP: 20/20 MP: 3/6
   700 | D:1      | Learned a level 2 spell: Searing Ray
   810 | D:1      | Reached skill level 5 in Conjurations
  1094 | D:2      | Slain by a worm

Skill      XL: |  1  2 |
---------------+-------+-----
Conjurations   | 5 |  5.1
Fighting       | |  0.1
Dodging        | |  2.0
Stealth        | |  1.5
Spellcasting   | |  3.2

Action                   || total
-------------------------++-------
Melee: Unarmed           ||     6
 Cast: Magic Dart        ||    31
  Eat: Chunk             ||     1
Dodge: Dodged            ||     1
